 Dungeon Crawl Stone Soup version 0.22.1-1-ga44c0e56f4 (webtiles) character file.

6604 Pocketmage the Protected (level 10, -3/91 HPs)
             Began as a Minotaur Fighter on Sept 25, 2018.
             Was a Priest of Makhleb.
             Slain by an unseen horror (8 damage)
             ... on level 10 of the Dungeon.
             The game lasted 01:17:15 (11274 turns).

Pocketmage the Protected (Minotaur Fighter)        Turns: 11274, Time: 01:17:16

Health: -3/91      AC: 15    Str: 22    XL:     10   Next: 71%
Magic:  13/13      EV:  6    Int:  6    God:    Makhleb [***...]
Gold:   450        SH: 17    Dex: 11    Spells: 9/9 levels left

rFire    . . .     SeeInvis .   m - +1 war axe (freeze)
rCold    . . .     Gourm    .   c - +0 shield
rNeg     . . .     Faith    .   D - +0 plate armour
rPois    .         Spirit   .   (helmet restricted)
rElec    .         Reflect  +   (no cloak)
rCorr    .         Harm     .   (no gloves)
MR       .....                  (no boots)
Stlth    ..........             G - +6 amulet of reflection
HPRegen  0.25/turn              o - ring of stealth
MPRegen  0.13/turn              (no ring)

@: no status effects
A: retaliatory headbutt, horns 2
a: Minor Destruction, Lesser Servant of Makhleb, Renounce Religion


You were on level 10 of the Dungeon.
You worshipped Makhleb.
Makhleb was most pleased with you.
You were not hungry.

You visited 2 branches of the dungeon, and saw 12 of its levels.

You collected 450 gold pieces.

Inventory:

Hand Weapons
 m - a +1 war axe of freezing (weapon)
 F - a +1 dire flail of draining
Missiles
 q - 50 poisoned needles
Armour
 b - a +0 scale mail
 c - a +0 shield (worn)
 l - a +1 leather armour of magic resistance
 p - a +0 ring mail of poison resistance
 w - a +0 chain mail
 D - a +0 plate armour (worn)
Jewellery
 g - an uncursed ring of positive energy {unknown}
 o - a ring of stealth (left hand)
 v - an uncursed amulet of guardian spirit
 z - an uncursed ring of stealth
 G - a +6 amulet of reflection (around neck)
Wands
 B - a wand of digging (20)
 C - a wand of random effects (35)
 E - a wand of iceblast (12)
Scrolls
 k - 5 scrolls of remove curse
 r - 2 scrolls of immolation {unknown}
 t - a scroll of amnesia {unknown}
 u - a scroll of blinking {unknown}
 x - 2 scrolls of teleportation {unknown}
 y - 2 scrolls of enchant weapon {unknown}
 A - a scroll of magic mapping {unknown}
Potions
 a - a potion of brilliance {unknown}
 d - a potion of might
 h - 2 potions of lignification
 i - 2 potions of cancellation
 j - 4 potions of curing
 n - 2 potions of flight
Comestibles
 f - 8 rations


   Skills:
 + Level 9.0 Fighting
 + Level 8.5 Axes
 * Level 11.9 Armour
 + Level 8.9 Shields
 + Level 6.0 Invocations


You had 9 spell levels left.
You didn't know any spells.
Your spell library contained the following spells:

 Spells                   Type           Power        Failure   Level  Hunger
 Animate Skeleton         Necr           N/A          100%        1    ##.....
 Apportation              Tloc           #.....       100%        1    ##.....
 Confusing Touch          Hex            #.....       100%        1    ##.....
 Summon Small Mammal      Summ           #...         100%        1    ##.....
 Confuse                  Hex            #.......     100%        3    ####...
 Gell's Gravitas          Tloc           #.........   100%        3    ####...
 Petrify                  Tmut/Erth      #.......     100%        4    #####..
 Metabolic Englaciation   Hex/Ice        #.........   100%        5    ######.
 Yara's Violent Unravell  Hex/Tmut       #.........   100%        5    ######.


Dungeon Overview and Level Annotations

Branches:
Dungeon (11/15)            Temple (1/1) D:4             Orc (0/2) D:9
   Lair: D:8-11

Altars:
Ashenzari
Cheibriados
Dithmenos
Elyvilon
Fedhas
Gozag
Hepliaklqana
Kikubaaqudgha
Makhleb
Nemelex Xobeh
Okawaru
Qazlal
Ru
Sif Muna
Trog
Uskayaw
Vehumet
Wu Jian
Xom
Yredelemnul
Zin
The Shining One

Annotations:
D:3 exclusion: downstairs
D:9 3 runed doors, vurker's ghost, novice MiBe


Innate Abilities, Weirdness & Mutations

You reflexively headbutt those who attack you in melee.
You have a pair of horns on your head.


Message History

* * * LOW HITPOINT WARNING * * *
Something hits you but does no damage. Something hits you.
* * * LOW HITPOINT WARNING * * *
A phantom comes into view.
You block something's attack. Something hits you.
* * * LOW HITPOINT WARNING * * *
Something hits you but does no damage. You block something's attack.
The phantom completely misses you. You furiously retaliate!
You headbutt the phantom, but do no damage.
Something hits you but does no damage. Something hits you but does no damage.
The phantom blinks!
Something hits you.
* * * LOW HITPOINT WARNING * * *
The phantom blinks!
Something hits you but does no damage. Something hits you but does no damage.
Something hits you!
You die...

.# #......:...... .########
#####............. .........
.................. ..######
##.............. ..#
#.............. ..#
#..............
..################..............
................................
.......>........@...............
...............................
.############..##############.
.# #..# .# #..# .# #..######
.############........
............†........
#####################


There were no monsters in sight!

Vanquished Creatures
  2 two-headed ogres
  A gargoyle (D:9)
  An efreet (D:9)
  A hippogriff (D:7)
  A wyvern (D:9)
  Eustachio (D:6)
  A yak (D:10)
  A hungry ghost (D:9)
  A vampire mosquito (D:8)
  A water moccasin (D:10)
  A porcupine (D:10)
  A sky beast (D:9)
  4 orc warriors
  3 phantoms
  2 ice beasts
  3 centaurs
  2 ogres
  A big kobold (D:8)
  3 bullfrogs (D:10)
  2 gnoll sergeants
  A scorpion (D:9)
  3 wights (D:6)
  6 howler monkeys
  3 crimson imps
  A bullfrog zombie (D:9)
  A centaur zombie (D:9)
  7 hounds
  5 jellies
  9 orc priests
  2 bullfrog skeletons (D:5)
  10 orc wizards
  2 centaur skeletons
  5 worker ants
  3 iguanas
  A hound skeleton (D:5)
  6 gnolls
  9 adders
  2 shadow imps
  An adder zombie (D:3)
  6 worms
  A dart slug (D:5)
  5 leopard geckos
  43 orcs
  9 bats
  9 giant cockroaches
  8 goblins
  9 hobgoblins
  6 jackals
  12 kobolds
  3 quokkas
  2 ball pythons (D:2)
  7 frilled lizards
  A jackal skeleton (D:6)
  5 rats
236 creatures vanquished.

Vanquished Creatures (others)
  2 fungi (D:10)
2 creatures vanquished.

Grand Total: 238 creatures vanquished

Notes
Turn   | Place    | Note
-------+----------+-------------------------------------------
     0 | D:1      | Pocketmage the Minotaur Fighter began the quest for the
                  | Orb.
     0 | D:1      | Reached XP level 1. HP: 19/19 MP: 0/0
   191 | D:1      | Reached XP level 2. HP: 27/27 MP: 1/1
   209 | D:1      | Reached skill level 4 in Armour
  1037 | D:2      | Reached XP level 3. HP: 28/33 MP: 2/2
  1729 | D:2      | Reached XP level 4. HP: 40/40 MP: 3/3
  2237 | D:3      | Reached skill level 5 in Armour
  2623 | D:4      | Reached XP level 5. HP: 44/47 MP: 4/4
  2723 | D:4      | Reached XP level 6. HP: 37/55 MP: 5/5
  2882 | D:4      | Reached skill level 5 in Fighting
  2882 | D:4      | Reached skill level 6 in Armour
  2882 | D:4      | Reached skill level 5 in Shields
  3158 | D:4      | Found a staircase to the Ecumenical Temple.
  3164 | Temple   | Entered the Ecumenical Temple
  3225 | Temple   | Became a worshipper of Makhleb the Destroyer
  3252 | D:5      | Entered Level 5 of the Dungeon
  3278 | D:5      | Reached XP level 7. HP: 59/61 MP: 6/6
  3305 | D:5      | Reached skill level 1 in Invocations
  3557 | D:5      | Reached skill level 7 in Armour
  3572 | D:5      | Reached * piety under Makhleb
  3580 | D:5      | Reached skill level 5 in Axes
  4095 | D:6      | Found an opulent altar of Gozag.
  4095 | D:6      | Found a stormy altar of Qazlal.
  4418 | D:6      | Reached XP level 8. HP: 54/70 MP: 8/8
  4879 | D:6      | Found an ancient bone altar of Kikubaaqudgha.
  4888 | D:6      | Reached skill level 8 in Armour
  5148 | D:6      | Noticed Eustachio
  5161 | D:6      | Killed Eustachio
  5237 | D:6      | Found a snail-covered altar of Cheibriados.
  5237 | D:6      | Found a shadowy altar of Dithmenos.
  5238 | D:6      | Found a deep blue altar of Sif Muna.
  5271 | D:6      | Reached ** piety under Makhleb
  5955 | D:7      | Noticed a hippogriff
  5965 | D:7      | Killed a hippogriff
  6356 | D:7      | Reached skill level 9 in Armour
  6839 | D:7      | Reached XP level 9. HP: 76/78 MP: 10/10
  7073 | D:8      | Noticed a two-headed ogre
  7668 | D:8      | Killed a two-headed ogre
  7668 | D:8      | Reached skill level 10 in Armour
  7696 | D:8      | Noticed an efreet
  8202 | D:9      | Found a runed gate.
  8205 | D:9      | Found a runed gate.
  8205 | D:9      | Found a runed gate.
  8206 | D:9      | Noticed vurker's ghost (novice MiBe)
  8214 | D:9      | Noticed a gargoyle
  8231 | D:9      | Killed a gargoyle
  8346 | D:9      | Reached skill level 5 in Invocations
  8346 | D:9      | Reached XP level 10. HP: 88/88 MP: 12/12
  8619 | D:9      | Found a staircase to the Orcish Mines.
  8621 | D:9      | Noticed a two-headed ogre
  8637 | D:10     | Entered Level 10 of the Dungeon
  9177 | D:10     | Reached skill level 11 in Armour
  9202 | D:10     | Reached *** piety under Makhleb
 10496 | D:9      | Killed a two-headed ogre
 11272 | D:10     | HP: 4/91 [something (2)]
 11274 | D:10     | Slain by an unseen horror

Skill      XL: |  1  2  3  4  5  6  7  8  9 10 |
---------------+-------------------------------+-----
Armour         | 4 5 6 7 9 10 11 | 11.9
Fighting       | 4 5 6 8 9 |  9.0
Shields        | 4 5 6 8 |  8.9
Axes           | 3 4 5 6 7 8 |  8.5
Invocations    | 2 3 5 6 |  6.0

Action                   |  1- 3 |  4- 6 |  7- 9 | 10-12 || total
-------------------------+-------+-------+-------+-------++-------
Melee: War axe           |   112 |    86 |   344 |   217 ||   759
       Headbutt          |     9 |    18 |    72 |    43 ||   142
Invok: Minor Destruction |       |       |     6 |     1 ||     7
       Lesser Servant of |       |       |       |     1 ||     1
Evoke: Wand              |       |       |       |     6 ||     6
  Use: Scroll            |       |       |    11 |     3 ||    14
       Potion            |       |       |     2 |     1 ||     3
  Eat: Chunk             |     2 |     5 |     2 |     4 ||    13
       Ration            |       |       |     7 |     2 ||     9
Armor: Scale mail        |    55 |    46 |    27 |       ||   128
       Chain mail        |       |       |    85 |       ||    85
       Plate armour      |       |       |     9 |   136 ||   145
Dodge: Dodged            |    25 |    33 |    73 |    24 ||   155
Block: Shield            |    59 |    58 |   197 |   204 ||   518
       Reflection        |       |       |       |     3 ||     3
